 Dungeon Crawl Stone Soup version 0.29.1-13-g9f3cf754e1 (webtiles) character file.

Game seed: 2843397903369460337

1281 Scypho the Basher (level 8, -11/111 HPs)
             Began as a Minotaur Fighter on Jan 29, 2023.
             Killed by vampiric draining
             ... invoked by a vampire
              (20 damage)
             ... on level 5 of the Dungeon.
             The game lasted 00:12:49 (4683 turns).

Scypho the Basher (Minotaur Fighter)                Turns: 4683, Time: 00:12:50

Health: -11/111    AC: 24    Str: 21    XL:     8   Next: 29%
Magic:  7/7        EV:  2    Int:  7    God:
Gold:   218        SH:  8    Dex: 10    Spells: 7/7 levels left

rFire   . . .      SeeInvis .   a - +1 flail
rCold   . . .      Faith    .   l - +0 kite shield
rNeg    . . .      Spirit   .   (body armour currently unavailable)
rPois   +          Reflect  .   (helmet currently unavailable)
rElec   .          Harm     .   (cloak currently unavailable)
rCorr   .          Rampage  .   (gloves currently unavailable)
Will    .....      NoTele   +   (boots currently unavailable)
Stlth   +.........              (no amulet)
HPRegen 0.28/turn               (no ring)
MPRegen 0.10/turn               (no ring)

@: tree-form, hasted, very quick
A: stationary, stasis, torment immunity, boosted hp, (horns 2), (retaliatory
headbutt)
a: no special abilities


You were on level 5 of the Dungeon.
You were a tree.
You visited 1 branch of the dungeon, and saw 5 of its levels.
You also visited: Sewer.

You collected 218 gold pieces.

Inventory:

Hand Weapons
 a - a +1 flail (weapon)
Missiles
 c - a throwing net (quivered)
Armour
 b - a +1 scale mail (melded)
 l - a +0 kite shield (worn)
 s - a scarf of resistance (melded)
Jewellery
 h - an amulet of reflection
Scrolls
 e - 8 scrolls of teleportation
 i - a scroll of magic mapping {unknown}
 j - a scroll of brand weapon {unknown}
 m - a scroll of poison {unknown}
 n - a scroll of enchant weapon
Potions
 f - 4 potions of degeneration
 g - a potion of curing
 k - 2 potions of flight


   Skills:
 + Level 7.8 Fighting
 * Level 10.1 Maces & Flails
 - Level 3.6 Armour
 - Level 3.6 Shields


You had 7 spell levels left.
You didn't know any spells.
Your spell library contained the following spells:

 Spells                   Type           Power      Damage    Failure   Level
 Ozocubu's Armour         Ice            0%         N/A       99%         3
 Metabolic Englaciation   Hex/Ice        0%         N/A       100%        5
 Simulacrum               Ice/Necr       0%         N/A       100%        6


Dungeon Overview and Level Annotations

Branches:
Dungeon (5/15)              Sewer (visited)
 Temple: D:4-7

Altars:


Innate Abilities, Weirdness & Mutations

You are a tree.
Your roots penetrate the ground, keeping you stationary.
You cannot be teleported.
You are immune to unholy pain and torment.
Your maximum health is greatly increased.
Your equipment is partially melded.
((You have a pair of horns on your head.))
((You reflexively headbutt those who attack you in melee.))


Message History

* * * LOW HITPOINT WARNING * * *
Something draws strength from your injuries!
You barely miss something. Something hits you but does no damage.
Something completely misses you.
You barely miss something. Something hits you.
* * * LOW HITPOINT WARNING * * *
Something bites you but does no damage.
You barely miss something. You hit something.
Something draws life force from you.
* * * LOW HITPOINT WARNING * * *
You feel better. Something hits you but does no damage.
Something bites you but does no damage.
You barely miss something. You miss something.
Something hits you but does no damage. Something bites you but does no damage.
You closely miss something. Something hits you but does no damage.
Something bites you but does no damage.
You barely miss something. Something hits you.
* * * LOW HITPOINT WARNING * * *
Something bites you.
* * * LOW HITPOINT WARNING * * *
Something draws strength from your injuries!
You hit something. You thump something! Something hits you.
* * * LOW HITPOINT WARNING * * *
Something bites you but does no damage.
You feel better. Something hits you!
* * * LOW HITPOINT WARNING * * *
You block something's attack.
You feel better.
You barely miss something. Something draws life force from you!!
You die...

#.# #.#.#....####'# #.#
#...#....#....# ###### #.#
##...>#..#.88.###....##
#.#####'###..#.88.#..####.#
#.........#..#....').# #.#
..........#..######### #.#
##........#### ##....####.#
.'........# #.####†...##
##........# #♣# ######
##........# #{# #V$#
.#........# #.# #"?#
.#........# ##. .###
.#........# . . ##........#
## ## ##........#
###############
..............#


There were no monsters in sight!

Vanquished Creatures
  Sigmund (D:5)
  Eustachio (D:5)
  A steam dragon (D:5)
  2 ice beasts (D:5)
  2 black bears (D:5)
  A scorpion (D:5)
  3 hounds
  A jelly (D:4)
  A hell rat (Sewer)
  Natasha (thrice) (D:2)
  A gnoll (D:5)
  9 adders
  A river rat (D:4)
  A white imp (D:5)
  An ufetubus (D:5)
  2 worms (D:3)
  3 dart slugs
  3 orcs (D:5)
  5 endoplasms
  A giant cockroach (D:4)
  5 goblins
  10 hobgoblins
  2 jackals (D:2)
  4 kobolds
  4 ball pythons
  7 bats
  A frilled lizard (D:1)
  16 rats
92 creatures vanquished.

Notes
Turn   | Place    | Note
-------+----------+-------------------------------------------
     0 | D:1      | Scypho the Minotaur Fighter began the quest for the Orb.
     0 | D:1      | Reached XP level 1. HP: 19/19 MP: 0/0
   289 | D:1      | Reached skill level 3 in Maces & Flails
   302 | D:1      | Reached XP level 2. HP: 27/27 MP: 1/1
   784 | D:2      | Reached XP level 3. HP: 28/33 MP: 2/2
   980 | D:2      | Noticed Natasha
   990 | D:2      | Killed Natasha
   991 | D:2      | Reached skill level 4 in Maces & Flails
  1136 | D:2      | Noticed Natasha
  1207 | D:2      | Killed Natasha
  1208 | D:2      | Reached XP level 4. HP: 16/41 MP: 3/3
  1288 | D:2      | Noticed Natasha
  1601 | D:2      | Killed Natasha
  1602 | D:2      | Reached skill level 5 in Maces & Flails
  1931 | D:3      | Reached XP level 5. HP: 37/47 MP: 4/4
  2017 | D:3      | Reached skill level 5 in Fighting
  2398 | D:3      | Found a faded altar of an unknown god.
  2861 | D:4      | Reached skill level 6 in Maces & Flails
  2962 | D:4      | Reached XP level 6. HP: 43/56 MP: 5/5
  3186 | D:4      | Found a glowing drain.
  3206 | Sewer    | Entered a sewer
  3905 | D:5      | Entered Level 5 of the Dungeon
  3976 | D:5      | Reached skill level 7 in Maces & Flails
  4104 | D:5      | Noticed an ice beast
  4122 | D:5      | Killed an ice beast
  4229 | D:5      | Noticed Sigmund
  4236 | D:5      | Reached XP level 7. HP: 61/63 MP: 6/6
  4244 | D:5      | Killed Sigmund
  4245 | D:5      | Reached skill level 8 in Maces & Flails
  4281 | D:5      | Noticed Eustachio
  4295 | D:5      | Killed Eustachio
  4409 | D:5      | Noticed a steam dragon
  4420 | D:5      | Killed a steam dragon
  4421 | D:5      | Reached skill level 9 in Maces & Flails
  4502 | D:5      | Reached XP level 8. HP: 73/73 MP: 7/7
  4654 | D:5      | Reached skill level 10 in Maces & Flails
  4673 | D:5      | HP: 3/111 [something (4)]
  4680 | D:5      | HP: 2/111 [something (5)]
  4683 | D:5      | Killed from afar by a vampire

Illustrated notes

Levels and vault maps discovered:
D:1:      tarquinn_simple_flora_water_f, layout_loops_ring
D:2:      layout_rooms, uniq_natasha
D:3:      layout_loops_ring, chequers_ecumenical_altar_simple_redux,
          dk_noncrumbling_4, st_stairs_4
D:4:      layout_cave_pools, portal_sewer_entry_b, minmay_misc_feat_doors,
          hangedman_decor_lopped
D:5:      minmay_chambers_of_fours, layout_basic,
          gammafunk_temple_overflow_wave, uniq_sigmund, uniq_eustachio

Skill      XL: |  1  2  3  4  5  6  7  8 |
---------------+-------------------------+-----
Maces & Flails | 3 4 5 6 7 9 10 | 10.1
Fighting       | 4 5 6 7 |  7.8
Armour         | |  3.6
Shields        | |  3.6

Action                   |  1- 3 |  4- 6 |  7- 9 || total
-------------------------+-------+-------+-------++-------
Melee: Flail             |    72 |   143 |    74 ||   289
       Headbutt          |    11 |    11 |     7 ||    29
  Use: Scroll            |       |    10 |       ||    10
       Potion            |       |     5 |     5 ||    10
Armor: Scale mail        |    27 |    52 |    38 ||   117
       Skin              |       |       |    17 ||    17
Dodge: Dodged            |    24 |    41 |    33 ||    98
Block: Buckler           |    14 |    17 |       ||    31
       Kite shield       |       |     4 |    31 ||    35
